 Dungeon Crawl Stone Soup version 0.30.1-11-g7821555f0a (webtiles) character file.

Game seed: 1367783517016336280

183 Gumption the Sneak (level 5, -1/24 HPs)
             Began as a Spriggan Enchanter on Nov 13, 2023.
             Slain by a river rat (8 damage)
             ... in a sewer.
             The game lasted 00:23:10 (3457 turns).

Gumption the Sneak (Spriggan Enchanter)             Turns: 3457, Time: 00:23:11

Health: -1/24      AC:  5    Str:  4    XL:     5   Next: 35%
Magic:  9/11       EV: 17    Int: 18    God:
Gold:   126        SH:  0    Dex: 16    Spells: 3/11 levels left

rFire   x . .        a - +1 dagger
rCold   + . .        (no shield)
rNeg    . . .        b - +0 robe
rPois   .            (helmet restricted)
rElec   .            j - +2 cloak
rCorr   .            (gloves unavailable)
SInv    +            (boots unavailable)
Will    .....        (no amulet)
Stlth   +++          o - ring of ice
HPRegen 0.24/turn    (no ring)
MPRegen 0.12/turn

%: no passive effects
@: very quick
A: very small, no large weapons, unfitting armour, see invisible, speed 3
a: no special abilities


You were in a sewer.
You visited 1 branch of the dungeon, and saw 3 of its levels.
You also visited: Sewer.

You collected 126 gold pieces.

Inventory:

Hand Weapons
 a - a +1 dagger (weapon)
Missiles
 e - 39 stones (quivered)
Armour
 b - a +0 robe (worn)
 j - a +2 cloak (worn)
Jewellery
 o - a ring of ice (left hand)
Wands
 s - a wand of flame (12)
Scrolls
 h - a scroll of fear
 i - 2 scrolls of fog
 l - a scroll of noise {unknown}
 m - a scroll of vulnerability {unknown}
 p - a scroll of immolation {unknown}
 q - a scroll of amnesia {unknown}
 r - a scroll of poison {unknown}
Potions
 c - 3 potions of invisibility
 d - 2 potions of mutation {unknown}
 f - a potion of magic {unknown}
 g - 2 potions of curing {unknown}
 k - a potion of brilliance {unknown}
 n - a potion of degeneration {unknown}


   Skills:
 - Level 1.1 Short Blades
 - Level 2.6 Dodging
 + Level 5.8 Stealth
 + Level 3.9 Spellcasting
 + Level 4.9 Hexes
 * Level 2.2 Ice Magic


You had 3 spell levels left.
You knew the following spells:

 Your Spells              Type           Power      Damage    Failure   Level
a - Ensorcelled Hibernat  Hex/Ice        48%        N/A       5%          2
b - Confusing Touch       Hex            21%        N/A       6%          3
c - Dazzling Flash        Conj/Hex       24%        N/A       16%         3

Your spell library contained the following spells:

 Spells                   Type           Power      Damage    Failure   Level
 Tukima's Dance           Hex            21%        N/A       6%          3
 Volatile Blastmotes      Fire/Tloc      6%         2d10      41%         3
 Iskenderun's Mystic Bla  Conj/Tloc      3%         2d3       83%         4
 Starburst                Conj/Fire      1%         6d3       100%        6


Dungeon Overview and Level Annotations

Branches:
Dungeon (3/15)              Sewer (1/1)

Altars:
Kikubaaqudgha


Innate Abilities, Weirdness & Mutations

You are very small and have problems with some larger weapons.
You are too small for most types of armour.
You have supernaturally acute eyesight. (SInv)
You cover ground extremely quickly. (Speed+++)


Message History

You kill the rat!
You hit the rat but do no damage. The river rat bites you.
The rat closely misses you.
You hit the rat.
The rat is severely wounded.
The rat closely misses you. The river rat closely misses you.
The rat barely misses you.
You barely miss the rat.
The rat is severely wounded.
The rat closely misses you. The river rat bites you.
The rat closely misses you.
You barely miss the rat.
The rat splashes around in the water.
The river rat closely misses you. The rat misses you.
You see here a rat corpse.
You hit the rat.
You kill the rat!
You completely miss the river rat.
The river rat bites you but does no damage.
The rat bites you but does no damage.
You hit the river rat but do no damage. The river rat barely misses you.
The rat closely misses you.
You hit the river rat but do no damage. The river rat misses you.
The rat closely misses you.
You barely miss the river rat. The river rat bites you! The rat misses you.
You hit the river rat.
The river rat is moderately wounded.
The river rat bites you.
* * * LOW HITPOINT WARNING * * *
The rat closely misses you.
Casting: Ensorcelled Hibernation (safe; 5% risk of failure)
Confirm with . or Enter, or press ? or * to list all spells.
Aiming: Ensorcelled Hibernation (safe; 5% risk of failure)
Press: ? - help, Shift-Dir - straight line, f - rat
Aim: a rat (chance to affect: 72%)
You feel a surge of power!
The rat looks drowsy...
The river rat misses you.
The helpless rat fails to defend itself.
You impale the rat!!
You kill the rat!
The river rat bites you!
You die...

###~..∩~~~###
###~~~.~∩~~~..#
#~~..~#####.~.~~
##~~†### #..~
#~~.## r~ #.~.#
~ #.~~##
##~†.### #@r..~#
###~~~~.~~
##.~.~. #####


You could see a river rat.

Vanquished Creatures
  Robin (D:2)
  3 adders
  6 gnolls (D:2)
  4 worms
  2 dart slugs
  2 orcs (D:3)
  3 endoplasms (D:1)
  3 giant cockroaches
  13 goblins (D:2)
  7 hobgoblins
  3 kobolds
  3 quokkas
  6 ball pythons
  3 bats
  7 frilled lizards
  7 rats
73 creatures vanquished.

Notes
Turn   | Place    | Note
-------+----------+-------------------------------------------
     0 | D:1      | Gumption the Spriggan Enchanter began the quest for the
                  | Orb.
     0 | D:1      | Reached XP level 1. HP: 9/9 MP: 5/5
   359 | D:1      | Reached XP level 2. HP: 13/13 MP: 6/6
   368 | D:1      | Learned a level 2 spell: Ensorcelled Hibernation
  1435 | D:2      | Found an ancient bone altar of Kikubaaqudgha.
  1440 | D:2      | Reached XP level 3. HP: 16/16 MP: 8/8
  1454 | D:2      | Learned a level 3 spell: Confusing Touch
  1458 | D:2      | Learned a level 3 spell: Dazzling Flash
  1504 | D:2      | Reached skill level 5 in Stealth
  1504 | D:2      | Reached skill level 1 in Ice Magic
  1958 | D:2      | Reached XP level 4. HP: 21/21 MP: 7/10
  2717 | D:2      | Identified the +0 helmet of the Untouchables {Fly rF- rN+}
  2717 | D:2      | Noticed Robin
  2739 | D:2      | Reached XP level 5. HP: 24/24 MP: 11/11
  2754 | D:2      | Killed Robin
  3383 | D:3      | Found a glowing drain.
  3388 | Sewer    | Entered a sewer
  3457 | Sewer    | Slain by a river rat

Illustrated notes

Levels and vault maps discovered:
D:1:      dpeg_arrival_rooms_c, layout_basic, serial_forest,
          infiniplex_forest_zigzag_1, infiniplex_forest_lined_3,
          infiniplex_forest_clump_small, infiniplex_forest_corner_1,
          infiniplex_forest_straight_4, infiniplex_forest_clump_small,
          infiniplex_forest_lined_2, infiniplex_forest_lined_3_way
D:2:      layout_loops_ring, basic_altar, minmay_lizard_king, uniq_robin
D:3:      layout_loops_ring, gup_sewer_entry_spiral
Sewer:    sewer_hellmonk_bad_rat

Skill      XL: |  1  2  3  4 |
---------------+-------------+-----
Hexes          | 4 |  4.9
Spellcasting   | 3 |  3.9
Stealth        | 5 |  5.8
Ice Magic      | 1 2 |  2.2
Short Blades   | |  1.1
Dodging        | |  2.6

Action                     |  1- 3 |  4- 6 || total
---------------------------+-------+-------++-------
  Melee: Dagger            |    70 |   111 ||   181
  Throw: Stone             |       |     1 ||     1
   Cast: Ensorcelled Hiber |    14 |    22 ||    36
    Use: Scroll            |     1 |     1 ||     2
   Stab: Sleeping          |    16 |    18 ||    34
 Armour: Robe              |     8 |    11 ||    19
  Dodge: Dodged            |    33 |    61 ||    94
